 Dungeon Crawl Stone Soup version 0.31.0-32-g396128a36d (webtiles) character file.

Game seed: 16954064364539369646

3315 PaiMei the Merchant of Misery (level 9, -1/73 HPs)
             Began as a Demonspawn Necromancer on Mar 15, 2024.
             Was a Believer of Kikubaaqudgha.
             Slain by a kobold brigand
             ... wielding a +0 dagger
              (4 damage)
             ... on level 9 of the Dungeon.
             The game lasted 00:16:51 (12181 turns).

PaiMei the Merchant of Misery (DsNe)               Turns: 12181, Time: 00:16:52

Health: -1/73      AC:  6    Str:  9    XL:     9   Next: 70%
Magic:  2/18       EV: 15    Int: 19    God:    Kikubaaqudgha [**....]
Gold:   314        SH:  0    Dex: 14    Spells: 17/21 levels left

rFire   . . .        u - +2 whip (pain)
rCold   . . .        (no shield)
rNeg    . . .        a - +0 robe
rPois   .            (helmet restricted)
rElec   .            l - +0 cloak
rCorr   .            s - +0 pair of gloves
SInv    .            C - +0 pair of boots
Will    .....        w - amulet of the acrobat
Stlth   ++           (no ring)
HPRegen 0.32/turn    (no ring)
MPRegen 0.16/turn

%: acrobat
@: no status effects
A: horns 1, rugged brown scales 1, foul stench 1, powered by death 2
a: Renounce Religion, Unearth Wretches


You were on level 9 of the Dungeon.
You worshipped Kikubaaqudgha.
Kikubaaqudgha was pleased with you.
You visited 2 branches of the dungeon, and saw 10 of its levels.

You collected 438 gold pieces.
You spent 124 gold pieces at shops.

Inventory:

Hand Weapons
 g - a +0 dagger of pain
 u - a +2 whip of pain (weapon)
 I - a +2 whip of electrocution
Missiles
 v - 14 poisoned darts (quivered)
 B - 5 atropa-tipped darts
 K - a curare-tipped dart
Armour
 a - a +0 robe (worn)
 l - a +0 cloak (worn)
 s - a +0 pair of gloves (worn)
 C - a +0 pair of boots (worn)
Jewellery
 t - a ring of fire
 w - an amulet of the acrobat (around neck)
 A - a ring of positive energy
Wands
 y - a wand of iceblast (20)
 J - a wand of mindburst (10)
 L - a wand of flame (10)
Scrolls
 d - 4 scrolls of poison {unknown}
 h - 8 scrolls of identify {unknown}
 i - 2 scrolls of vulnerability {unknown}
 j - 4 scrolls of fear {unknown}
 m - a scroll of enchant armour {unknown}
 n - 3 scrolls of immolation {unknown}
 o - 7 scrolls of teleportation
 q - a scroll of blinking
 E - a scroll of amnesia {unknown}
 F - 5 scrolls of enchant weapon {unknown}
 G - a scroll of revelation {unknown}
 H - a scroll of acquirement {unknown}
Potions
 b - a potion of magic
 c - 4 potions of lignification
 e - 2 potions of brilliance {unknown}
 f - 2 potions of mutation {unknown}
 k - 4 potions of curing
 p - 3 potions of attraction {unknown}
 r - a potion of invisibility {unknown}
 x - a potion of enlightenment {unknown}
 z - 2 potions of might {unknown}
 D - a potion of berserk rage {unknown}


   Skills:
 + Level 6.6 Fighting
 + Level 6.5 Dodging
 - Level 2.2 Stealth
 + Level 6.5 Spellcasting
 + Level 8.8 Necromancy


You had 17 spell levels left.
You knew the following spells:

 Your Spells              Type           Power      Damage    Failure   Level
a - Necrotise             Necr           100%       1d9       1%          1
b - Vampiric Draining     Necr           39%        2d8       1%          3

Your spell library contained the following spells:

 Spells                   Type           Power      Damage    Failure   Level
 Fugue of the Fallen      Necr           39%        N/A       1%          3
 Animate Dead             Necr           39%        N/A       2%          4
 Cigotuvi's Dreadful Rot  Necr/Alch/Air  34%        N/A       4%          2
 Curse of Agony           Necr           39%        N/A       8%          5
 Freeze                   Ice            24%        1d4       11%         1
 Magic Dart               Conj           24%        1d4       11%         1
 Blink                    Tloc           12%        N/A       16%         2
 Call Imp                 Summ           12%        N/A       16%         2
 Frozen Ramparts          Ice            12%        1d2       32%         3
 Hailstorm                Conj/Ice       6%         3d5       32%         3
 Death Channel            Necr           19%        N/A       41%         6
 Borgnjor's Vile Clutch   Necr/Erth      11%        N/A       43%         5
 Manifold Assault         Tloc           6%         N/A       71%         4
 Dispersal                Tloc           3%         N/A       100%        6
 Disjunction              Tloc           3%         N/A       100%        8


Dungeon Overview and Level Annotations

Branches:
Dungeon (9/15)             Temple (1/1) D:4
   Lair: D:8-11         Orc: D:9-12

Altars:
Ashenzari
Cheibriados
Dithmenos
Fedhas
Gozag
Hepliaklqana
Kikubaaqudgha
Makhleb
Okawaru
Qazlal
Sif Muna
Uskayaw
Vehumet
Wu Jian
Xom

Shops:
D:5 =**!?

Annotations:
D:6 3 runed translucent doors, spaghetti's ghost, novice NaCK
D:7 Menkaure
D:8 exclusion: 2 oklob plants, Maurice
D:9 exclusion: ice statue


Innate Abilities, Weirdness & Mutations

You have a pair of small horns on your head.
You are partially covered in rugged brown scales. (AC +1, +3% HP)
You may rarely emit foul miasma when damaged in melee.
You regenerate health from kills.


Message History

The kobold brigand hits you with a +0 dagger.
The chaos spawn closely misses you.
You hit the kobold demonologist but do no damage.
You headbutt the kobold demonologist.
The kobold demonologist is severely wounded.
The chaos spawn degenerates into a cloud of primal chaos!
The kobold brigand hits you with a +0 dagger.
The kobold demonologist hits you with a +2 dagger of flaming.
The kobold demonologist burns you.
You hit the kobold demonologist.
The kobold demonologist writhes in agony.
Your headbutt misses the kobold demonologist.
The kobold demonologist is almost dead.
The kobold brigand barely misses you.
The kobold demonologist looks satisfied for a moment.
You hit the kobold demonologist but do no damage.
The kobold demonologist is almost dead.
The sixfirhy misses you. The sixfirhy closely misses you.
The sixfirhy hits you! The sixfirhy shocks you!
The sixfirhy hits you but does no damage.
The kobold brigand hits you with a +0 dagger.
The kobold demonologist completely misses you.
The sixfirhy hits you! The sixfirhy shocks you!
* * * LOW HITPOINT WARNING * * *
Casting: Vampiric Draining (safe; 1% risk of failure)
Confirm with . or Enter, or press ? or * to list all spells.
You don't have enough magic to cast this spell.
You barely miss the kobold demonologist.
You headbutt the kobold demonologist.
The kobold demonologist is almost dead.
The sixfirhy barely misses you.
The sixfirhy hits you but does no damage.
The sixfirhy hits you!
* * * LOW HITPOINT WARNING * * *
The sixfirhy shocks you!
* * * LOW HITPOINT WARNING * * *
You emit a cloud of foul miasma!
The kobold brigand hits you with a +0 dagger.
You die...
Kikubaaqudgha rasps: "You have failed me!
Welcome... death!"

#......+..............#
#......####..##....##.#
##....:. ##+##....## #
#.........# +.........#
#.........# #.........#
(# #####3##### ..#
#.@K....# 8..#
##K.....# ....#
##)......# ..!..#
#.####...#
#.....####........#
##......##.)).....#
........)...........
..........K...###...
.........K4...# .


You could see a kobold demonologist, a sixfirhy (summoned) and a kobold brigand.

Vanquished Creatures
  A hornet (D:9)
  A wyvern (D:9)
  A steam dragon (D:7)
  2 water moccasins
  4 ice beasts
  A sky beast (D:8)
  3 orc warriors
  4 black bears
  2 ogres (D:7)
  4 centaurs
  A bullfrog (D:9)
  2 kobold brigands
  A scorpion (D:7)
  3 killer bees (D:7)
  3 bombardier beetles
  An orc priest (D:9)
  2 hounds
  A jelly (D:6)
  2 sleepcaps
  4 orc wizards
  12 adders
  4 gnolls (D:3)
  2 shadow imps (D:7)
  2 white imps
  4 ufetubi (D:5)
  A ribbon worm (D:3)
  3 dart slugs
  23 orcs
  7 endoplasms
  3 giant cockroaches
  5 goblins
  6 hobgoblins
  4 jackals (D:2)
  4 quokkas
  4 ball pythons
  4 bats
  3 frilled lizards
  15 kobolds
  11 rats
160 creatures vanquished.

Vanquished Creatures (collateral kills)
  A ball python (D:3)
  A giant cockroach (D:3)
  A frilled lizard (D:2)
  A kobold (D:1)
  10 rats (D:2)
14 creatures vanquished.

Vanquished Creatures (others)
  2 kobolds (D:7)
2 creatures vanquished.

Grand Total: 176 creatures vanquished

Notes
Turn   | Place    | Note
-------+----------+-------------------------------------------
     0 | D:1      | PaiMei the Demonspawn Necromancer began the quest for the
                  | Orb.
     0 | D:1      | Reached XP level 1. HP: 13/13 MP: 3/3
   236 | D:1      | Gained mutation: You are partially covered in rugged brown
                  | scales. (AC +1, +3% HP) [demonic ancestry]
   236 | D:1      | Reached XP level 2. HP: 13/19 MP: 0/5
   396 | D:1      | Found a faded altar of an unknown god.
   810 | D:2      | Reached XP level 3. HP: 19/24 MP: 0/6
  1337 | D:2      | Reached skill level 1 in Fighting
  1578 | D:2      | Gained mutation: You regenerate a little health from kills.
                  | [demonic ancestry]
  1578 | D:2      | Reached XP level 4. HP: 32/32 MP: 1/7
  2028 | D:3      | Reached skill level 5 in Necromancy
  2296 | D:3      | Reached XP level 5. HP: 22/39 MP: 0/9
  3177 | D:4      | Found a staircase to the Ecumenical Temple.
  3660 | D:4      | Learned a level 3 spell: Vampiric Draining
  3716 | Temple   | Entered the Ecumenical Temple
  3721 | Temple   | Became a worshipper of Kikubaaqudgha
  3787 | D:4      | Gained mutation: You have a pair of small horns on your
                  | head. [demonic ancestry]
  3787 | D:4      | Reached XP level 6. HP: 40/47 MP: 1/11
  4404 | D:4      | Found a hide-covered altar of Uskayaw.
  4871 | D:5      | Entered Level 5 of the Dungeon
  5022 | D:5      | Found Jing's Assorted Antiques.
  5153 | D:5      | Found Liori's General Store.
  5161 | D:5      | Bought a scroll of teleportation for 42 gold pieces
  5338 | D:5      | Found Cuisiri's Jewellery Shop.
  5500 | D:5      | Found Nuliw's Distillery.
  5601 | D:5      | Found Xofuroc's Magic Scroll Shop.
  5619 | D:5      | Reached skill level 6 in Necromancy
  5748 | D:5      | Bought a scroll of blinking for 82 gold pieces
  5853 | D:5      | Reached * piety under Kikubaaqudgha
  5853 | D:5      | Received a gift from Kikubaaqudgha
  5854 | D:5      | Gained mutation: You regenerate health from kills. [demonic
                  | ancestry]
  5854 | D:5      | Reached XP level 7. HP: 48/53 MP: 2/12
  6266 | D:6      | Found a runed translucent gate.
  6267 | D:6      | Found a runed translucent gate.
  6530 | D:6      | Found a stormy altar of Qazlal.
  6644 | D:6      | Reached XP level 8. HP: 48/61 MP: 4/14
  6980 | D:6      | Found a runed translucent gate.
  7047 | D:6      | Reached skill level 7 in Necromancy
  7180 | D:6      | Reached skill level 5 in Spellcasting
  7260 | D:6      | Noticed spaghetti's ghost (novice NaCK)
  7396 | D:6      | Reached skill level 5 in Dodging
  7718 | D:7      | Found a broken altar of Ashenzari.
  7728 | D:7      | Reached skill level 5 in Fighting
  8521 | D:8      | Noticed Maurice
  8731 | D:7      | Noticed Menkaure
  8810 | D:7      | Gained mutation: You may rarely emit foul miasma when
                  | damaged in melee. [demonic ancestry]
  8810 | D:7      | Reached XP level 9. HP: 58/70 MP: 7/17
  8931 | D:7      | Reached skill level 8 in Necromancy
  9169 | D:7      | Found a radiant altar of Vehumet.
  9895 | D:7      | Reached ** piety under Kikubaaqudgha
 10391 | D:8      | Noticed a gargoyle
 10439 | D:8      | Noticed an oklob plant
 11541 | D:8      | Noticed an oklob plant
 11557 | D:9      | Found a shimmering blue altar of Sif Muna.
 11646 | D:9      | Paralysed by a hornet for 2 turns
 12149 | D:9      | Noticed an ice statue
 12156 | D:9      | Noticed a kobold demonologist
 12177 | D:9      | Noticed a sixfirhy
 12181 | D:9      | HP: 3/73 [sixfirhy[a kobold demonologist] (11)]
 12181 | D:9      | Slain by a kobold brigand

Illustrated notes

Levels and vault maps discovered:
D:1:      lemuel_arrival_room, layout_rooms, ebering_ecumenical_altar_rust
D:2:      layout_basic, minmay_rat_hole
D:3:      cheibrodos_helix_gallery, layout_loops_ring, chequers_avenue
D:4:      layout_loops_ring, nicolae_uskayaw_dance_hall, temple_statues
D:5:      layout_cave_pods, serial_column_ruins, column_ruins_open_large,
          column_ruins_grid_1, column_ruins_open_small,
          column_ruins_columns_dead_end, serial_shops, shop, shop, shop, shop,
          kennysheep_windowed_goal
D:6:      layout_basic, nicolae_qazlal_scattered_showers,
          mainiacjoe_overflow_alcove_1, gammafunk_ghost_icy
D:7:      layout_loops_cross, mainiacjoe_overflow_small_starburst,
          nicolae_vehumet_altar_sigil, uniq_menkaure
D:8:      layout_rooms, disabler_island, uniq_maurice
D:9:      minmay_separated_statues, layout_stronghold,
          nicolae_sif_muna_condensation, grunt_temple_overflow_open,
          minmay_pinched_square, uniq_maggie
Temple:   minmay_freezing_vapour_temple

Skill      XL: |  1  2  3  4  5  6  7  8  9 |
---------------+----------------------------+-----
Stealth        | 2 |  2.2
Dodging        | 2 3 4 5 6 |  6.5
Fighting       | 1 2 3 4 5 6 |  6.6
Necromancy     | 5 6 7 8 |  8.8
Spellcasting   | 3 4 5 6 |  6.5

Action                     |  1- 3 |  4- 6 |  7- 9 || total
---------------------------+-------+-------+-------++-------
  Melee: Dagger            |     5 |    14 |       ||    19
         Whip              |       |    52 |    94 ||   146
         Punch             |       |     2 |     1 ||     3
         Headbutt          |       |     5 |    18 ||    23
   Cast: Necrotise         |    65 |   123 |    71 ||   259
         Vampiric Draining |       |    11 |    83 ||    94
    Use: Potion            |       |       |     4 ||     4
         Scroll            |       |       |     2 ||     2
 Armour: Robe              |    10 |   116 |   173 ||   299
         Skin              |       |       |    22 ||    22
  Dodge: Dodged            |    10 |   142 |   211 ||   363
